 Dungeon Crawl Stone Soup version 0.31.0-9-g3a7656b989 (webtiles) character file.

Game seed: 15382002412696708042

579 Couri the Magician (level 7, -3/49 HPs)
             Began as a Djinni Fire Elementalist on Feb 5, 2024.
             Slain by a black bear (5 damage)
             ... on level 5 of the Dungeon.
             The game lasted 00:18:07 (3752 turns).

Couri the Magician (Djinni Fire Elementalist)       Turns: 3752, Time: 00:18:07

Health: -3/49      AC: 13    Str:  7    XL:     7   Next: 63%
Gold:   260        EV: 14    Int: 16    God:
                   SH:  0    Dex: 16

rFire   + + .        E - +0 falchion (holy)
rCold   x . .        (no shield)
rNeg    . . .        t - +2 robe
rPois   ∞            C - +2 helmet {SInv}
rElec   .            (no cloak)
rCorr   .            (no gloves)
SInv    +            (boots unavailable)
Will    .....        (no amulet)
Stlth   ++           (no ring)
HPRegen 0.28/turn    (no ring)
MPRegen 0.00/turn

%: infuse magic (-4 HP)
@: ice-armoured, flying
A: sickness immunity, fire resistance 2, cold vulnerability 1, float, innate
caster, HP casting, extra vitality 1
a: no special abilities


You were on level 5 of the Dungeon.
You visited 1 branch of the dungeon, and saw 5 of its levels.

You collected 260 gold pieces.

Inventory:

Hand Weapons
 d - a +1 dagger of holy wrath
 u - a +2 spear of freezing
 x - a +2 vampiric dagger
 y - a +1 trident of venom
 A - a +0 morningstar
 D - a +3 hand axe
 E - a +0 falchion of holy wrath (weapon)
Missiles
 i - 7 boomerangs
 n - a throwing net
Armour
 a - a +1 robe
 o - a +1 hat
 t - a +2 robe (worn)
 v - a +2 animal skin
 w - a +2 helmet
 C - a +2 helmet of see invisible (worn)
Jewellery
 m - a ring of protection from fire
Scrolls
 b - a scroll of revelation {unknown}
 c - 3 scrolls of enchant armour
 e - a scroll of vulnerability
 h - a scroll of enchant weapon
 j - 2 scrolls of fog
 k - 2 scrolls of teleportation {unknown}
 p - 2 scrolls of immolation {unknown}
 r - a scroll of noise {unknown}
 B - a scroll of poison {unknown}
Potions
 f - 2 potions of heal wounds {unknown}
 g - 2 potions of curing {unknown}
 l - a potion of magic {unknown}
 q - 2 potions of attraction {unknown}
 s - a potion of might {unknown}
 z - a potion of haste {unknown}


   Skills:
 + Level 2.5 Fighting
 - Level 2.1(2.2) Short Blades
 * Level 0.7(1.5) Long Blades
 + Level 4.3 Dodging
 - Level 2.6 Stealth
 * Level 4.8 Spellcasting
 * Level 4.8 Conjurations
 * Level 4.8 Hexes
 * Level 4.8 Summonings
 * Level 4.8 Necromancy
 * Level 4.8 Translocations
 * Level 4.8 Fire Magic
 * Level 4.8 Ice Magic
 * Level 4.8 Air Magic
 * Level 4.8 Earth Magic
 * Level 4.8 Alchemy


You knew the following spells:

 Your Spells              Type           Power      Damage    Failure   Level
a - Foxfire               Conj/Fire      76%        2x1d7     2%          1
b - Scorch                Fire           38%        2d6       3%          2
c - Volatile Blastmotes   Fire/Tloc      38%        2d13      6%          3
d - Inner Flame           Hex/Fire       19%        N/A       6%          3
e - Flame Wave            Conj/Fire      19%        2d7       22%         4
f - Sandblast             Erth           38%        2d10      2%          1
g - Momentum Strike       Conj/Tloc      38%        3d9       3%          2
h - Ozocubu's Armour      Ice            19%        N/A       6%          3
Your spell library was empty.

Dungeon Overview and Level Annotations

Branches:
Dungeon (5/15)
 Temple: D:4-7

Altars:

Shops:
D:2 [

Annotations:
D:4 3 runed translucent doors, 1 exclusion, kalagan's ghost, amateur DECj


Innate Abilities, Weirdness & Mutations

You are immune to sickness and miasma.
You are immune to poison.
Your flesh is very heat resistant. (rF++)
You are vulnerable to cold. (rC-)
You float through the air rather than walking.
You learn spells naturally, not from books.
Your magical power is your life essence.
You have superior vitality. (+4 MHP)


Message History

You hit the black bear but do no damage.
The black bear is severely wounded.
The black bear goes berserk!
The gnoll sergeant hits you from afar with a +0 spear.
The black bear bites you but does no damage.
The black bear closely misses you.
The black bear claws you but does no damage.
Casting: Scorch (safe; 3% risk of failure)
Confirm with . or Enter, or press ? or * to list all spells.
Flames lash the gnoll sergeant.
The gnoll sergeant is lightly wounded.
The gnoll sergeant's fire resistance burns away.
The black bear closely misses you. The black bear barely misses you.
The black bear misses you.
The gnoll sergeant hits you from afar with a +0 spear.
Casting: Scorch (safe; 3% risk of failure)
Confirm with . or Enter, or press ? or * to list all spells.
You conjure some foxfire!
The black bear bites you but does no damage.
The black bear closely misses you.
The black bear claws you but does no damage.
The gnoll sergeant barely misses you. The black bear bites you.
* * * LOW HITPOINT WARNING * * *
The black bear closely misses you. The black bear misses you.
As you read the scroll labelled WUBUVA GUAPP, it dissolves into smoke.
It was a scroll of fog.
The foxfire hits the black bear.
The black bear is almost dead.
The black bear barely misses you.
The black bear claws you but does no damage. x2
The gnoll sergeant hits you from afar with a +0 spear.
* * * LOW HITPOINT WARNING * * *
Casting: Foxfire (safe; 2% risk of failure)
Confirm with . or Enter, or press ? or * to list all spells.
A film of ice covers your body!
* * * LOW HITPOINT WARNING * * *
The gnoll sergeant is no longer more vulnerable to fire.
The black bear bites you.
* * * LOW HITPOINT WARNING * * *
The black bear claws you.
You die...

# #.# .....## #
#.# ..... # #.#
... # #.# #'# #
#†# #B# ######.#
#g# #...†..# #g#
#.##############§#
#.#...........gh@#
#.#.##############
#.#.#......#
.............
#.#.#.####.##
#.#.#.# #.#.#.#
#.#.#.# #.#.#.#


You could see a black bear (berserk), a gnoll sergeant and a gnoll.

Vanquished Creatures
  A bombardier beetle (D:5)
  3 hounds
  5 orc priests
  Jessica (D:3)
  4 iguanas
  Robin (D:4)
  A gnoll (D:5)
  2 adders (D:2)
  A white imp (D:5)
  3 ribbon worms
  3 dart slugs
  16 orcs
  3 ball pythons
  7 endoplasms
  5 giant cockroaches
  15 goblins
  7 hobgoblins (D:4)
  10 jackals
  A quokka (D:4)
  6 bats
  3 frilled lizards
  12 kobolds
  2 rats (D:2)
112 creatures vanquished.

Vanquished Creatures (others)
  259 foxfires
259 creatures vanquished.

Grand Total: 371 creatures vanquished

Notes
Turn   | Place    | Note
-------+----------+-------------------------------------------
     0 | D:1      | Couri the Djinni Fire Elementalist began the quest for the
                  | Orb.
     0 | D:1      | Couri set off with the following spells memorised: Foxfire,
                  | Scorch, Volatile Blastmotes, Inner Flame, Flame Wave.
     0 | D:1      | Reached XP level 1. HP: 15/15 MP: 0/0
   115 | D:1      | Reached XP level 2. HP: 18/21 MP: 0/0
   732 | D:1      | Reached XP level 3. HP: 16/25 MP: 0/0
   732 | D:1      | Learned a level 1 spell: Sandblast
   829 | D:2      | Reached XP level 4. HP: 26/31 MP: 0/0
  1258 | D:2      | Found Erhatip's Antique Armour Shop.
  1264 | D:2      | Reached XP level 5. HP: 31/35 MP: 0/0
  1264 | D:2      | Learned a level 2 spell: Momentum Strike
  1662 | D:3      | Found a faded altar of an unknown god.
  1699 | D:3      | Noticed Jessica
  1703 | D:3      | Killed Jessica
  1704 | D:3      | Reached skill level 1 in Fighting
  1731 | D:3      | Reached skill level 1 in Short Blades
  2003 | D:3      | Reached XP level 6. HP: 38/42 MP: 0/0
  2182 | D:4      | Noticed Robin
  2294 | D:4      | Killed Robin
  2437 | D:4      | Reached XP level 7. HP: 44/49 MP: 0/0
  2437 | D:4      | Learned a level 3 spell: Ozocubu's Armour
  2764 | D:4      | Found a runed translucent gate.
  2765 | D:4      | Found a runed translucent gate.
  2766 | D:4      | Found a runed translucent gate.
  2771 | D:4      | Noticed kalagan's ghost (amateur DECj)
  3173 | D:5      | Entered Level 5 of the Dungeon
  3752 | D:5      | HP: 2/49 [black bear (3)]
  3752 | D:5      | Slain by a black bear

Illustrated notes

Levels and vault maps discovered:
D:1:      minmay_arrival_shattered_statue, layout_loops_ring
D:2:      cheibrodos_pilgrimage, layout_basic, serial_shops, nicolae_square_shop
D:3:      layout_rooms, hellmonk_ecumenical_altar_dog_temple, uniq_jessica
D:4:      layout_cave_pools, gammafunk_ghost_necromancy,
          minmay_goblin_kobold_house, uniq_robin
D:5:      layout_basic

Skill      XL: |  1  2  3  4  5  6  7 |
---------------+----------------------+-----
Stealth        | 2 |  2.6
Dodging        | 3 4 |  4.3
Spellcasting   | 4 |  4.8
Conjurations   | 4 |  4.8
Hexes          | 4 |  4.8
Summonings     | 4 |  4.8
Necromancy     | 4 |  4.8
Translocations | 4 |  4.8
Fire Magic     | 4 |  4.8
Ice Magic      | 4 |  4.8
Air Magic      | 4 |  4.8
Earth Magic    | 4 |  4.8
Alchemy        | 4 |  4.8
Fighting       | 1 2 |  2.5
Short Blades   | 1 2 |  2.1
Long Blades    | |  0.7

Action                     |  1- 3 |  4- 6 |  7- 9 || total
---------------------------+-------+-------+-------++-------
  Melee: Dagger            |     3 |    32 |    52 ||    87
         Punch             |       |     1 |     1 ||     2
         Falchion          |       |       |    15 ||    15
   Cast: Foxfire           |    35 |    87 |    26 ||   148
         Scorch            |     2 |     2 |    19 ||    23
         Sandblast         |     2 |    25 |       ||    27
         Volatile Blastmot |       |     1 |    10 ||    11
         Ozocubu's Armour  |       |       |     2 ||     2
    Use: Scroll            |       |     3 |     1 ||     4
 Armour: Robe              |     8 |    32 |    60 ||   100
  Dodge: Dodged            |    16 |    56 |    77 ||   149
